cohdb
Replays
Latest Replays
All Replays
Popular Replays
Top Player Replays
Match Explorer
How It Works
Community
CoH3 Stats
Reddit
Sign in to upload your games and track your stats! →
Sign in with Steam
Match 42213375
Unlisted
Match 42213375
Overview
Messages
Build Orders
End
Construct Infanterie Kompanie
Selects Breakthrough Battlegroup
MG 42 Machine Gun Team
Grenadier Squad
Grenadier Squad
Grenadier Squad
Construct Luftwaffe Kompanie
Selects Assault Grenadiers
Medical Station
Selects Breakthrough
Jäger Squad
Selects Mechanized Assault Group
Mechanized Assault Group
Selects Rapid Production
Construct Panzer Kompanie
Selects Blitzkrieg
Stoßtruppen Squad
Sturmpanzer IV Brummbär
Pioneer Squad
0rozco
Z-Teck the Stampede
^3
DIV 250 BigBoss
0
0
Comments
sign in to comment!
No comments posted yet!